 Dungeon Crawl Stone Soup version 0.20.1-1-g8b1a95d (webtiles) character file.

82 McKennaii the Conjurer (level 4, 0/33 HPs)
             Began as a Demigod Conjurer on Aug 26, 2017.
             Slain by an orc wizard
             ... wielding a +0 dagger
              (3 damage)
             ... on level 3 of the Dungeon.
             The game lasted 00:02:44 (2305 turns).

McKennaii the Conjurer (Demigod Conjurer)           Turns: 2305, Time: 00:02:45

Health: 0/33       AC:  3    Str: 11    XL:     4   Next: 1%
Magic:  0/10       EV: 20    Int: 21    God:
Gold:   96         SH:  0    Dex: 21    Spells: 6/7 levels left

rFire    . . .     SeeInvis .   (no weapon)
rCold    . . .     Gourm    .   (no shield)
rNeg     . . .     Faith    .   a - +0 robe
rPois    .         Spirit   .   (no helmet)
rElec    .         Reflect  .   h - +0 cloak
rCorr    .         Harm     .   (no gloves)
MR       .....                  (no boots)
Stlth    +++.......             k - amulet of regeneration
Regen    0.6/turn               i - +2 ring of evasion
MPRegen  0.2/turn               (no ring)

@: agile, flying, very slightly contaminated
A: high mp 1
a: no special abilities


You were on level 3 of the Dungeon.
You were very hungry.

You visited 1 branch of the dungeon, and saw 3 of its levels.

You collected 96 gold pieces.

Inventory:

Armour
 a - a +0 robe (worn)
 h - a +0 cloak (worn)
Jewellery
 i - a +2 ring of evasion (left hand)
 k - an amulet of regeneration (around neck)
Scrolls
 e - a scroll of identify
 g - a scroll of remove curse
 j - a scroll of teleportation {unknown}
 l - a scroll of amnesia {unknown}
 m - 2 scrolls of fog {unknown}
 o - a scroll of enchant weapon {unknown}
Potions
 n - a potion of flight
Books
 b - a book of Conjurations

   Spells                             Type                      Level
   a - Magic Dart                     Conjuration                  1
   b - Searing Ray                    Conjuration                  2
   c - Dazzling Spray                 Conjuration/Hexes            3
   d - Fulminant Prism                Conjuration/Hexes            4
   e - Force Lance                    Conjuration/Translocation    4
   f - Iskenderun's Mystic Blast      Conjuration                  4
Comestibles
 c - 4 bread rations
 f - 3 royal jellies
 p - a meat ration


   Skills:
 + Level 0.1 Fighting
 + Level 2.0 Dodging
 + Level 1.9 Stealth
 * Level 2.3 Spellcasting
 * Level 4.7 Conjurations


You had 6 spell levels left.
You knew the following spells:

 Your Spells              Type           Power        Failure   Level  Hunger
a - Magic Dart            Conj           ###.         1%          1    #......


Dungeon Overview and Level Annotations

Branches:
Dungeon (3/15)


Innate Abilities, Weirdness & Mutations

You have an increased reservoir of magic. (+10% MP)


Message History

Aim: an orc, wielding a hand axe of freezing (heavily wounded)
The magic dart hits something.
Something hits you.
You hit something but do no damage. Something hits you.
* * * LOW HITPOINT WARNING * * *
You miss something. Something hits you but does no damage.
Casting: Magic Dart
Confirm with . or Enter, or press ? or * to list all spells.
Aiming: Magic Dart
Press: ? - help, Shift-Dir - straight line, f/p - orc
Aim: an orc, wielding a hand axe of freezing (heavily wounded)
You miscast Magic Dart.
You are very lightly contaminated with residual magic.
Nothing appears to happen.
Something hits you but does no damage.
You hit something but do no damage.
You hear some strange, mumbled words.
A magic dart appears from out of thin air!
The magic dart hits you!
* * * LOW HITPOINT WARNING * * *
You miss something. Something hits you.
You die...

.>##.#### #.......#
#..#.##.##
#....#...##
###..........
...##....#
...###.#.....#####.#
..).†.).....o{@....#
..#.........o#######
#..........#
+........(.##
#...........#
#...........#
#...##.#....# #...
#......# .† ###....#


You could see 2 orcs.

Vanquished Creatures
  An adder (D:2)
  5 dart slugs
  5 leopard geckos
  3 orcs (D:3)
  A giant cockroach (D:1)
  3 goblins
  11 hobgoblins
  2 jackals (D:1)
  6 kobolds
  A quokka (D:2)
  3 ball pythons
  2 bats
  2 frilled lizards
  7 rats
52 creatures vanquished.

Notes
Turn   | Place    | Note
-------+----------+-------------------------------------------
     0 | D:1      | McKennaii the Demigod Conjurer began the quest for the Orb.
     0 | D:1      | Reached XP level 1. HP: 14/14 MP: 5/5
   289 | D:1      | Reached XP level 2. HP: 15/20 MP: 1/7
   305 | D:1      | Reached skill level 4 in Conjurations
   838 | D:1      | Reached XP level 3. HP: 26/26 MP: 3/8
  2277 | D:3      | Reached XP level 4. HP: 33/33 MP: 0/10
  2305 | D:3      | Slain by an orc wizard

Skill      XL: |  1  2  3 |
---------------+----------+-----
Dodging        | 2 |  2.0
Conjurations   | 4 |  4.7
Spellcasting   | 2 |  2.3
Fighting       | |  0.1
Stealth        | |  1.9

Action                   |  1- 3 |  4- 6 || total
-------------------------+-------+-------++-------
Melee: Unarmed           |    21 |    15 ||    36
 Cast: Magic Dart        |   110 |     4 ||   114
  Use: Scroll            |     2 |       ||     2
       Potion            |       |     2 ||     2
  Eat: Chunk             |     4 |       ||     4
Armor: Robe              |     4 |     1 ||     5
Dodge: Dodged            |    13 |     8 ||    21
